 Dungeon Crawl Stone Soup version 0.18.1-50-g88ac8fd (webtiles) character file.

43 Huivn the Scratcher (level 3, 0/17 HPs)
             Began as a Felid Monk on Oct 24, 2016.
             Slain by darkwolfgaf's ghost (5 damage)
             ... on level 3 of the Dungeon.
             The game lasted 00:16:07 (2417 turns).

Huivn the Scratcher (Felid Monk)                    Turns: 2417, Time: 00:16:07

Health: 0/17       AC:  1    Str:  8    XL:     3   Next: 37%
Magic:  4/4        EV: 15    Int: 15    God:
Gold:   101        SH:  0    Dex: 18    Spells: 0 memorised, 2 levels left
                                        Lives:  0   Deaths: 0

rFire  . . .     SeeInvis +       - Unarmed
rCold  . . .     Gourm    .     (armour unavailable)
rNeg   . . .     Faith    .     (shield unavailable)
rPois  .         Spirit   .     (helmet unavailable)
rElec  .         Dismiss  .     (cloak unavailable)
rCorr  .         Reflect  .     (gloves unavailable)
SustAt .         Harm     .     (boots unavailable)
MR     .....                    (no amulet)
Stlth  +++.......               (no ring)
                                e - +4 ring of intelligence

@: quick, not resistant to hostile enchantments, fairly stealthy
A: no armour, no weapons or thrown items, claws 1, fangs 3, see invisible,
carnivore 3, speed 1, shaggy fur 1, slow metabolism 1, sharp paws
a: no special abilities


You were on level 3 of the Dungeon.
You were full.

You visited 1 branch of the dungeon, and saw 3 of its levels.

You collected 101 gold pieces.

Inventory:

Jewellery
 e - a +4 ring of intelligence (left paw)
 h - an uncursed amulet of magic regeneration
Scrolls
 d - 2 scrolls of enchant weapon
 f - a scroll of random uselessness
 i - a scroll of fear
 j - a scroll of remove curse
Potions
 b - 2 potions of curing
 c - a potion of flight
 g - a potion of degeneration
Comestibles
 a - a meat ration
 l - a beef jerky


   Skills:
 + Level 3.1 Fighting
 + Level 4.5 Dodging
 + Level 3.2 Stealth
 + Level 4.6 Unarmed Combat


You had 2 spell levels left.
You didn't know any spells.

Dungeon Overview and Level Annotations

Branches:
Dungeon (3/15)

Altars:
Nemelex Xobeh
Zin

Annotations:
D:3 darkwolfgaf's ghost, amateur HOFi


Innate Abilities, Weirdness & Mutations

You cannot wear armour.
You are incapable of wielding weapons or throwing items.
You have sharp claws.
You have razor-sharp teeth.
You have supernaturally acute eyesight.
You are carnivorous and can eat meat at any time.
You cover ground quickly.
You are covered in fur (AC +1).
You have a slow metabolism.
Your sharp claws are effective at attacking unaware monsters.


Message History

You climb downwards.
Level annotation: darkwolfgaf's ghost, amateur HOFi The kobold hits you but does no damage.
Darkwolfgaf's ghost hits you.
There is a stone staircase leading up here.
You scratch the kobold.
You kill the kobold!
Darkwolfgaf's ghost closely misses you.
You scratch darkwolfgaf's ghost.
Darkwolfgaf's ghost is lightly damaged.
Darkwolfgaf's ghost closely misses you.
You scratch darkwolfgaf's ghost.
Darkwolfgaf's ghost is lightly damaged.
Darkwolfgaf's ghost misses you.
You scratch darkwolfgaf's ghost but do no damage.
Your bite misses darkwolfgaf's ghost.
Darkwolfgaf's ghost is lightly damaged.
Darkwolfgaf's ghost hits you.
* * * LOW HITPOINT WARNING * * *
Darkwolfgaf's ghost hits you.
You die...

.. #.# #.. #.# .. ..#
#.##.# #....# #.#.# #.)W#
#(..# #..@# #...#
#...#.#..(# #.....#...#
###+###.#.###...#
........#># #.(.#######
........### #...##....###
........# +...'')...'.#
........#+###...##....#.#
..........W.....#######


You could see darkwolfgaf's ghost.

Vanquished Creatures
  A worm (D:2)
  A dart slug (D:2)
  A giant gecko (D:2)
  2 giant cockroaches
  3 goblins
  5 hobgoblins
  A quokka (D:2)
  3 bats (D:2)
  3 giant newts
  7 kobolds
  8 rats
35 creatures vanquished.

Notes
Turn   | Place    | Note
--------------------------------------------------------------
     0 | D:1      | Huivn the Felid Monk began the quest for the Orb.
     0 | D:1      | Reached XP level 1. HP: 10/10 MP: 2/2
   565 | D:1      | Reached XP level 2. HP: 10/14 MP: 3/3
  1104 | D:2      | Found a sparkling altar of Nemelex Xobeh.
  1136 | D:2      | Reached XP level 3. HP: 17/17 MP: 4/4
  1802 | D:3      | Found a glowing silver altar of Zin.
  1802 | D:3      | Found a sparkling altar of Nemelex Xobeh.
  1855 | D:3      | Noticed darkwolfgaf's ghost (amateur HOFi)
  2417 | D:3      | Slain by darkwolfgaf's ghost

Skill      XL: |  1  2 |
---------------+-------+-----
Stealth        | 3 |  3.2
Fighting       | |  3.1
Dodging        | |  4.5
Unarmed Combat | |  4.6

Action                   || total
-------------------------++-------
Melee: Unarmed           ||    74
       Bite              ||     6
       Punch             ||     1
  Use: Scroll            ||    10
       Potion            ||     3
 Stab: Sleeping          ||    10
  Eat: Chunk             ||     7
Armor: Skin              ||     1
Dodge: Dodged            ||    43
